 Dungeon Crawl Stone Soup version 0.28-a0-687-gb91baff9cc (webtiles) character file.

Game seed: 6262813660890155523

2205 acebull12 the Magician (level 9, -13/65 HPs)
             Began as a Djinni Fire Elementalist on Oct 20, 2021.
             Was a Follower of Makhleb.
             Mangled by Harold (16 damage)
             ... on level 7 of the Dungeon.
             The game lasted 00:29:45 (7234 turns).

acebull12 the Magician (Djinni Fire Elementalist)   Turns: 7234, Time: 00:29:45

Health: -13/65     AC:  8    Str:  7    XL:     9   Next: 60%
Gold:   433        EV:  7    Int: 19    God:    Makhleb [*.....] SH:  0 Dex: 15

rFire   + + +      SeeInvis .   v - staff of earth
rCold   x . .      Faith    .   (no shield)
rNeg    . . .      Spirit   .   o - +0 troll leather armour {Purgy}
rPois   ∞          Reflect  +   i - +0 helmet
rElec   .          Harm     .   (no cloak)
rCorr   .          Rampage  .   b - +0 pair of gloves
Will    .....                   (boots unavailable)
Stlth   ++........              x - amulet of reflection
HPRegen 1.20/turn               m - ring of fire
MPRegen 0.00/turn               r - ring of protection from cold

@: flying, held
A: sickness immunity, fire resistance 2, cold vulnerability 1, float, innate
caster, hp casting, extra vitality 1, iridescent scales 1, sturdy frame 1
a: Renounce Religion


You were on level 7 of the Dungeon.
You worshipped Makhleb.
Makhleb was aware of your devotion.
You visited 2 branches of the dungeon, and saw 8 of its levels.

You collected 433 gold pieces.

Inventory:

Hand Weapons
 g - a +2 dagger of electrocution
 n - a +2 spectral club
Missiles
 f - 155 stones
Armour
 b - a +0 pair of gloves (worn)
 i - a +0 helmet (worn)
 o - a +0 troll leather armour (worn) {Purgy}
 F - a +0 chain mail
Magical Staves
 v - a staff of earth (weapon)
Jewellery
 m - a ring of fire (left hand)
 r - a ring of protection from cold (right hand)
 u - a ring of positive energy
 x - an amulet of reflection (around neck)
 y - an amulet of faith
Wands
 G - a wand of flame (10)
Scrolls
 a - a scroll of fog {unknown}
 d - 3 scrolls of teleportation
 h - 4 scrolls of identify
 j - a scroll of blinking {unknown}
 k - 3 scrolls of enchant weapon {unknown}
 q - a scroll of holy word {unknown}
 s - a scroll of amnesia {unknown}
 t - a scroll of vulnerability {unknown}
 w - 2 scrolls of magic mapping {unknown}
 B - a scroll of immolation {unknown}
 C - a scroll of noise {unknown}
 D - a scroll of enchant armour {unknown}
 H - a scroll of torment {unknown}
Potions
 c - a potion of invisibility {unknown}
 e - 2 potions of mutation
 l - 2 potions of curing {unknown}
 p - a potion of berserk rage {unknown}
 z - a potion of degeneration {unknown}
 A - a potion of brilliance {unknown}
 E - 2 potions of heal wounds {unknown}


   Skills:
 * Level 5.1 Fighting
 + Level 3.2 Armour
 + Level 3.6 Dodging
 - Level 2.0 Stealth
 + Level 0.3 Shields
 + Level 7.9 Spellcasting


You couldn't memorise any spells.
You knew the following spells:

 Your Spells              Type           Power      Damage    Failure   Level
a - Foxfire               Conj/Fire      100%       2x1d9     1%          1
b - Scorch                Fire           100%       2d10      1%          2
c - Conjure Flame         Conj/Fire      54%        6-21      1%          3
d - Inner Flame           Hex/Fire       54%        N/A       1%          3
e - Flame Wave            Conj/Fire      54%        3d10      3%          4
f - Sandblast             Erth           100%       2d20      1%          1
g - Slow                  Hex            37%        N/A       1%          2
h - Summon Guardian Gole  Hex/Summ       37%        N/A       1%          3
i - Ice Form              Ice/Tmut       37%        N/A       3%          4
Your spell library was empty.

Dungeon Overview and Level Annotations

Branches:
Dungeon (7/15)             Temple (1/1) D:5

Altars:
Ashenzari
Cheibriados
Dithmenos
Elyvilon
Fedhas
Gozag
Hepliaklqana
Kikubaaqudgha
Makhleb
Nemelex Xobeh
Qazlal
Ru
Sif Muna
Trog
Uskayaw
Vehumet
Xom
Zin
The Shining One

Annotations:
D:7 Harold


Innate Abilities, Weirdness & Mutations

You are immune to sickness and miasma.
You are immune to poison.
Your flesh is very heat resistant. (rF++)
You are vulnerable to cold. (rC-)
You float through the air rather than walking.
You learn spells naturally, not from books.
Your magical power is your life essence.
You have superior vitality. (+4 HP)
You are partially covered in iridescent scales. (AC +2)
Your movements are slightly less encumbered by armour. (ER -2)


Message History

The foxfire hits Harold.
Harold resists.
Flame seeps out of Harold.
Harold is moderately wounded.
Harold is engulfed in blazing flames.
Flame seeps out of Harold.
Harold hits you but does no damage.
You writhe in agony.
Casting: Foxfire (safe; 1% risk of failure)
Confirm with . or Enter, or press ? or * to list all spells.
You feel a surge of power!
You conjure some foxfire!
Harold is engulfed in blazing flames.
Flame seeps out of Harold.
Harold closely misses you.
You struggle against the net.
The foxfire hits Harold but does no damage.
Harold is heavily wounded.
The foxfire hits Harold but does no damage.
Harold is heavily wounded.
Harold is engulfed in blazing flames.
Flame seeps out of Harold.
Harold hits you with a +1 mace of pain!
You writhe in agony.
* * * LOW HITPOINT WARNING * * *
You cannot attack while held in a net.
Aiming: Throw Flame
Press: ? - help, Shift-Dir - straight line, f/p - Harold
Aim: Harold, wielding a +1 mace of pain and wearing a +4 scale mail of fire resistance (heavily wounded, inner flame, 81% to hit)
The puff of flame hits Harold.
Harold resists.
Flame seeps out of Harold.
Harold is heavily wounded.
Harold is engulfed in blazing flames.
Flame seeps out of Harold.
Harold hits you with a +1 mace of pain!
* * * LOW HITPOINT WARNING * * *
You writhe in agony.
* * * LOW HITPOINT WARNING * * *
Casting: Foxfire (safe; 1% risk of failure)
Confirm with . or Enter, or press ? or * to list all spells.
Casting: Flame Wave (dangerous; 3% risk of failure)
Press: ? - help, Dir - look around, f - activate You feel a surge of power!
A wave of flame ripples out!
The flame wave engulfs Harold.
Harold resists.
Flame seeps out of Harold.
Harold is severely wounded. (Press . to intensify the flame waves.)
* * * LOW HITPOINT WARNING * * *
Harold is engulfed in blazing flames.
Flame seeps out of Harold.
Harold hits you with a +1 mace of pain!
You die...

#........#. ...#.## ........#.
....... ###### .......#.
....... ###....#######.#......
......@ #>..............# #
......§ #.#.....######..# #
....... #.#####.# #..# #
.......##.####..######..######
#........@@...)))))........
#####(###....######...#####
#.# #....# #.#.## # #.# ♣....♣
#.#..#### ..# ♣...♣♣
#.#........ ..# ♣♣.♣♣
#.####..##. #..# .♣♣
#.....#.##. ...# ♣♣
#.....#.##. ...# #.....#.##.


You could see Harold (inner flame).

Vanquished Creatures
  A hornet (D:6)
  Purgy (D:3)
  An orc warrior (D:7)
  Duvessa (D:5)
  A sky beast (D:6)
  2 ogres (D:6)
  A centaur (D:7)
  A kobold brigand (D:7)
  A gnoll sergeant (D:7)
  Dowan (D:5)
  10 killer bees (D:7)
  5 hounds
  An orc priest (D:6)
  3 jellies
  A bullfrog skeleton (D:6)
  3 iguanas
  6 orc wizards
  Robin (D:2)
  3 gnolls (D:7)
  9 adders
  3 ufetubi
  An adder skeleton (D:4)
  An adder zombie (D:5)
  2 worms
  A dart slug (D:4)
  19 orcs
  9 ball pythons
  3 endoplasms
  2 giant cockroaches
  11 goblins
  7 hobgoblins
  11 kobolds
  A quokka (D:4)
  5 bats
  8 frilled lizards
  3 rats
140 creatures vanquished.

Vanquished Creatures (collateral kills)
  2 foxfires (D:6)
2 creatures vanquished.

Vanquished Creatures (others)
  347 foxfires
  7 plants (D:6)
354 creatures vanquished.

Grand Total: 496 creatures vanquished

Notes
Turn   | Place    | Note
-------+----------+-------------------------------------------
     0 | D:1      | acebull12 the Djinni Fire Elementalist began the quest for
                  | the Orb.
     0 | D:1      | Reached XP level 1. HP: 15/15 MP: 0/0
   312 | D:1      | Reached XP level 2. HP: 19/21 MP: 0/0
   765 | D:1      | Reached skill level 3 in Spellcasting
   798 | D:1      | Reached XP level 3. HP: 23/25 MP: 0/0
   798 | D:1      | Learned a level 1 spell: Sandblast
  2178 | D:2      | Noticed Robin
  2180 | D:2      | Reached XP level 4. HP: 29/31 MP: 0/0
  2233 | D:2      | Killed Robin
  2727 | D:3      | Noticed Purgy
  2733 | D:3      | Killed Purgy
  2734 | D:3      | Reached skill level 1 in Fighting
  2734 | D:3      | Reached skill level 4 in Spellcasting
  2734 | D:3      | Reached XP level 5. HP: 30/37 MP: 0/0
  2734 | D:3      | Learned a level 2 spell: Slow
  3081 | D:3      | Reached XP level 6. HP: 42/42 MP: 0/0
  3723 | D:4      | Found a glowing silver altar of Zin.
  3785 | D:4      | Identified the +0 chain mail of the Equinox {rElec rN+
                  | Int-2 Dex+6}
  4106 | D:4      | Reached skill level 1 in Armour
  4106 | D:4      | Reached XP level 7. HP: 40/49 MP: 0/0
  4106 | D:4      | Learned a level 3 spell: Summon Guardian Golem
  4570 | D:4      | Found a snail-covered altar of Cheibriados.
  4696 | D:5      | Entered Level 5 of the Dungeon
  4749 | D:5      | Noticed Duvessa
  4749 | D:5      | Noticed Dowan
  4757 | D:5      | Killed Duvessa
  4758 | D:5      | Reached skill level 5 in Spellcasting
  4760 | D:5      | Killed Dowan
  4888 | D:5      | Found a staircase to the Ecumenical Temple.
  4899 | Temple   | Entered the Ecumenical Temple
  4952 | Temple   | Became a worshipper of Makhleb the Destroyer
  5695 | D:6      | Gained mutation: You are partially covered in iridescent
                  | scales. (AC +2) [potion of mutation]
  5695 | D:6      | Gained mutation: Your movements are slightly less
                  | encumbered by armour. (ER -2) [potion of mutation]
  5957 | D:6      | Reached XP level 8. HP: 37/56 MP: 0/0
  6237 | D:6      | Reached skill level 6 in Spellcasting
  6241 | D:6      | Noticed a hornet
  6252 | D:6      | Killed a hornet
  6851 | D:7      | Reached XP level 9. HP: 60/62 MP: 0/0
  6851 | D:7      | Learned a level 4 spell: Ice Form
  6852 | D:7      | Reached * piety under Makhleb
  6853 | D:7      | Reached skill level 7 in Spellcasting
  6922 | D:7      | Reached skill level 5 in Fighting
  7204 | D:7      | Noticed Harold
  7234 | D:7      | Mangled by Harold

Illustrated notes

Levels and vault maps discovered:
D:1:      roderic_octagonal_star, layout_basic, serial_park_tiny_1
D:2:      layout_loops_ring, hex_tiny, uniq_robin
D:3:      layout_basic, minmay_bisected, uniq_purgy
D:4:      layout_layer_cave, mainiacjoe_overflow_tiny_flanked,
          general_overflow_altar
D:5:      layout_basic, minmay_temple_entry_large_hall, uniq_duvessa
D:6:      layout_basic, serial_bayou, serial_bayou_pond_c,
          serial_bayou_crossing, serial_bayou_shore_a, serial_bayou_pond_b,
          dk_rats_in_the_wall
D:7:      layout_basic, dk_noncrumbling_4, uniq_crazy_yiuf_cottage, uniq_harold
Temple:   minmay_crystal_spiral_temple

Skill      XL: |  1  2  3  4  5  6  7  8  9 |
---------------+----------------------------+-----
Spellcasting   | 3 4 5 6 7 |  7.9
Stealth        | 2 |  2.0
Fighting       | 1 2 3 4 5 |  5.1
Armour         | 1 2 3 |  3.2
Dodging        | 3 |  3.6
Shields        | |  0.3

Action                   |  1- 3 |  4- 6 |  7- 9 || total
-------------------------+-------+-------+-------++-------
Melee: Dagger            |       |     3 |       ||     3
 Cast: Foxfire           |    48 |    61 |   113 ||   222
       Sandblast         |    11 |    27 |    40 ||    78
       Inner Flame       |       |     4 |    15 ||    19
       Flame Wave        |       |       |     1 ||     1
Evoke: Wand              |       |       |     1 ||     1
  Use: Scroll            |       |       |     2 ||     2
       Potion            |       |       |     1 ||     1
Armor: Robe              |     2 |     2 |       ||     4
       Troll leather arm |       |     4 |    19 ||    23
Dodge: Dodged            |     9 |    10 |    47 ||    66
Block: Other             |       |       |    15 ||    15
       Reflection        |       |       |     3 ||     3

Table legend: (Time is in decaauts)
 A = Elapsed time spent in this place.
 B = Non-inter-level travel time spent in this place.
 C = Inter-level travel time spent in this place.
 D = Time resting spent in this place.
 E = Time spent auto-exploring this place.
 F = Levels seen in this place.
 G = Mean time per level.
                   A        B        C        D        E       F      G
               +--------+--------+--------+--------+--------+-----+--------+
         Total |   7242 |   6493 |    749 |     30 |   5457 |   8 |  905.2 |
       Dungeon |   7031 |   6365 |    666 |     30 |   5353 |   7 | 1004.4 |
        Temple |    210 |    127 |     83 |      0 |    104 |   1 |  210.0 |
               +--------+--------+--------+--------+--------+-----+--------+

Top non-repeatable levels by time:
     D:1: 1581 daAuts
     D:2: 1143 daAuts
     D:4: 1092 daAuts
     D:6: 1076 daAuts
     D:3: 882 daAuts
     D:5: 779 daAuts
     D:7: 476 daAuts
  Temple: 210 daAuts
